 Dungeon Crawl Stone Soup version 0.18.1-48-g4cf74bf (webtiles) character file.

5823 Inkary the Spear-Bearer (level 10, 0/121 HPs)
             Began as a Minotaur Berserker on Sept 4, 2016.
             Was an Elder of Trog.
             Slain by a wolf (6 damage)
             ... led by Grum
             ... on level 9 of the Dungeon.
             The game lasted 00:17:37 (6641 turns).

Inkary the Spear-Bearer (Minotaur Berserker)        Turns: 6641, Time: 00:17:38

Health: 0/121      AC:  5    Str: 29    XL:     10   Next: 51%
Magic:  0/15       EV: 13    Int:  4    God:    Trog [****..]
Gold:   243        SH:  6    Dex: 15    Spells: 0 memorised, 9 levels left

rFire  + . .     SeeInvis .     T - +1 morningstar (crush)
rCold  . . .     Gourm    .     E - +0 leather armour {rF+}
rNeg   + . .     Faith    .     C - +0 buckler
rPois  .         Spirit   +     (helmet restricted)
rElec  .         Dismiss  .     (no cloak)
rCorr  +         Reflect  .     j - +0 pair of gloves
SustAt .         Harm     .     (no boots)
MR     .....                    B - amulet of guardian spirit
Stlth  ..........               g - ring of positive energy
                                I - ring of resist corrosion

@: berserking (expiring), very quick, not resistant to hostile enchantments,
extremely unstealthy
A: retaliatory headbutt, horns 2, agile 1, shaggy fur 1, strong 1, MP-powered
wands
a: Berserk, Trog's Hand, Brothers in Arms, Burn Spellbooks, Renounce Religion


You were on level 9 of the Dungeon.
You worshipped Trog.
Trog was greatly pleased with you.
You were not hungry.

You visited 2 branches of the dungeon, and saw 10 of its levels.

You collected 591 gold pieces.
You spent 348 gold pieces at shops.

Inventory:

Hand Weapons
 y - a +1 vampiric trident
 T - a +1 morningstar of crushing (weapon)
Missiles
 D - 11 exploding tomahawks (quivered)
Armour
 j - a +0 pair of gloves (worn)
 C - a +0 buckler (worn)
 E - a +0 leather armour of fire resistance (worn)
 S - a +1 cloak
Rods
 s - a +0 rod of clouds (12/12)
   (You found it on level 2 of the Dungeon)
Jewellery
 g - a ring of positive energy (right hand)
 B - an amulet of guardian spirit (around neck)
 I - a ring of resist corrosion (left hand)
Wands
 x - a wand of confusion (47/48)
 K - a wand of slowing (24/48)
 N - a wand of random effects (33/48)
 P - a wand of lightning (10/15)
Scrolls
 d - a scroll of amnesia {unknown}
 e - a scroll of immolation {unknown}
 i - 4 scrolls of enchant armour
 l - 2 scrolls of fog
 n - 2 scrolls of enchant weapon {unknown}
 o - 2 scrolls of identify
 p - 3 scrolls of teleportation {unknown}
 r - 4 scrolls of recharging
 t - 3 scrolls of remove curse
 u - a scroll of blinking {unknown}
 J - a scroll of magic mapping {unknown}
Potions
 a - a potion of might {unknown}
 f - 3 potions of curing
 h - 2 potions of berserk rage
 k - 4 potions of brilliance {unknown}
 m - 3 potions of lignification {unknown}
 v - 2 potions of heal wounds {unknown}
 z - a potion of cancellation {unknown}
 A - a potion of flight
 F - a potion of magic {unknown}
 G - a potion of degeneration {unknown}
 H - a potion of resistance {unknown}
 M - a potion of cure mutation {unknown}
Miscellaneous
 b - a plain deck of changes
Comestibles
 c - 4 bread rations
 q - 14 fruits
 w - 5 meat rations
 L - 7 slices of pizza
 O - 7 chunks of flesh
 Q - 2 beef jerkies


   Skills:
 - Level 5.0 Fighting
 + Level 5.8 Maces & Flails
 - Level 11.0 Polearms
 - Level 3.8 Armour
 - Level 3.4 Dodging
 - Level 7.1 Shields
 + Level 8.8 Evocations


You had 9 spell levels left.
You didn't know any spells.

Dungeon Overview and Level Annotations

Branches:
Dungeon (9/15)             Temple (1/1) D:6
   Lair: D:8-11         Orc: D:9-12

Altars:
Ashenzari
Cheibriados
Dithmenos
Elyvilon
Fedhas
Gozag
Kikubaaqudgha
Makhleb
Nemelex Xobeh
Okawaru
Pakellas
Qazlal
Ru
Sif Muna
Trog
Vehumet
Xom
Yredelemnul
The Shining One

Shops:
D:4 *   D:5 *


Innate Abilities, Weirdness & Mutations

You reflexively headbutt those who attack you in melee.
You have a pair of horns on your head.
You are agile. (Dex +2)
You are covered in fur (AC +1).
Your muscles are strong. (Str +2)
You expend magic power (3 MP) to strengthen your wands.


Message History

You feel less resistant to hostile enchantments.
Grum closely misses you. You furiously retaliate!
You headbutt Grum!
You feel the power of Trog in you as your rage grows.
You kill Grum!
Trog accepts your kill. You block the orc priest's attack.
You are too berserk!
You closely miss the wolf. Your headbutt misses the wolf.
You feel sick.
You are no longer poisoned.
The wolf barely misses you. You furiously retaliate!
You headbutt the wolf!!
You kill the wolf!
Trog accepts your kill. You block the orc priest's attack.
Unknown command.
Things that are here:
a war axe; a leather armour; an orc corpse You hit the wolf.
Your headbutt misses the wolf.
The wolf is lightly wounded.
The wolf bites you!
You die...

..o........ .oo......# #..#
#########..# ...........########
..........h........
##########oh....... ..
#h######## ... #@# ....
################.###########....
..)<...........†................
................................
#######..###############........
#######..###############).......
........................).......
........................[.......
################################


You could see 3 wolves and an orc priest.

Vanquished Creatures
  A hydra (D:8)
  Maurice (D:8)
  A two-headed ogre (D:8)
  2 wyverns
  2 yaks (D:8)
  A hungry ghost (D:8)
  Grum (D:9)
  Duvessa (D:5)
  A water moccasin (D:4)
  A black bear (D:8)
  2 orc warriors
  An ice beast (D:8)
  4 sky beasts
  3 phantoms
  3 centaurs
  A wolf (D:9)
  A crocodile (D:8)
  3 big kobolds (D:8)
  2 giant frogs
  2 scorpions (D:6)
  Dowan (D:5)
  2 killer bees (D:9)
  4 howler monkeys
  A giant frog zombie (D:5)
  3 crimson imps
  5 hounds
  3 jellies
  A centaur skeleton (D:8)
  5 orc priests
  A giant frog skeleton (D:5)
  6 orc wizards
  Ijyb (D:3)
  Natasha (thrice) (D:3)
  10 worker ants
  2 sheep (D:8)
  A hound zombie (D:5)
  A hound skeleton (D:6)
  4 gnolls (D:3)
  6 adders
  A shadow imp (D:6)
  An ooze (D:3)
  An adder zombie (D:6)
  5 worms
  2 dart slugs
  4 giant geckos
  29 orcs
  A ball python (D:3)
  10 bats
  7 giant cockroaches
  6 goblins
  7 hobgoblins
  9 jackals
  A quokka (D:8)
  A giant gecko skeleton (D:4)
  2 giant gecko zombies
  5 giant newts
  10 kobolds
  8 rats
204 creatures vanquished.

Vanquished Creatures (others)
  An orc wizard (D:4)
  A plant (D:8)
2 creatures vanquished.

Grand Total: 206 creatures vanquished

Notes
Turn   | Place    | Note
--------------------------------------------------------------
     0 | D:1      | Inkary the Minotaur Berserker began the quest for the Orb.
     0 | D:1      | Reached XP level 1. HP: 19/19 MP: 0/0
   145 | D:1      | Reached XP level 2. HP: 25/27 MP: 1/1
   806 | D:2      | Reached XP level 3. HP: 22/33 MP: 2/2
   938 | D:2      | Reached ** piety under Trog
  1003 | D:2      | Identified a +0 rod of clouds (12/12) (You found it on level 2 of the Dungeon)
  1477 | D:3      | Reached XP level 4. HP: 41/41 MP: 3/3
  1521 | D:3      | Noticed Ijyb
  1522 | D:3      | Noticed Natasha
  1532 | D:3      | Killed Ijyb
  1537 | D:3      | Killed Natasha
  1537 | D:3      | Reached XP level 5. HP: 33/47 MP: 4/4
  1543 | D:3      | Reached skill level 1 in Evocations
  1594 | D:3      | Reached skill level 5 in Fighting
  1709 | D:3      | Found a sparkling altar of Nemelex Xobeh.
  1817 | D:3      | Noticed a phantom
  1821 | D:3      | Reached skill level 1 in Polearms
  1836 | D:3      | Killed a phantom
  1836 | D:3      | Reached skill level 2 in Polearms
  1836 | D:3      | Reached XP level 6. HP: 45/56 MP: 4/6
  1914 | D:3      | Reached *** piety under Trog
  1915 | D:3      | Reached skill level 3 in Polearms
  1935 | D:3      | Found a shattered altar of Ashenzari.
  2247 | D:3      | Noticed Natasha
  2251 | D:3      | Killed Natasha
  2637 | D:3      | Noticed Natasha
  2646 | D:3      | Killed Natasha
  2706 | D:4      | Reached skill level 1 in Shields
  2759 | D:4      | Reached skill level 4 in Polearms
  2763 | D:4      | Reached XP level 7. HP: 61/61 MP: 8/8
  2866 | D:4      | Found a burning altar of Makhleb.
  2905 | D:4      | Found Gegaipn's Assorted Antiques.
  2926 | D:4      | Bought a lumpy emerald potion for 25 gold pieces
  2926 | D:4      | Bought a metallic sapphire potion for 25 gold pieces
  2926 | D:4      | Bought a garnet ring for 140 gold pieces
  2926 | D:4      | Bought a grey potion for 25 gold pieces
  3064 | D:4      | Reached skill level 5 in Polearms
  3328 | D:5      | Entered Level 5 of the Dungeon
  3423 | D:5      | Reached XP level 8. HP: 60/68 MP: 7/10
  3479 | D:5      | Reached **** piety under Trog
  3538 | D:5      | Found Fovorch's General Store.
  3543 | D:5      | Reached skill level 6 in Polearms
  3548 | D:5      | Bought a scroll of enchant armour for 105 gold pieces
  3548 | D:5      | Bought a scroll of identify for 28 gold pieces
  3814 | D:5      | Reached skill level 5 in Shields
  3871 | D:5      | Noticed Dowan
  3872 | D:5      | Noticed Duvessa
  3876 | D:5      | Killed Dowan
  3881 | D:5      | Killed Duvessa
  3989 | D:5      | Found a shimmering altar of Xom.
  3990 | D:5      | Found a basalt altar of Yredelemnul.
  4103 | D:6      | Found a staircase to the Ecumenical Temple.
  4108 | Temple   | Entered the Ecumenical Temple
  4450 | D:6      | Reached skill level 7 in Polearms
  4450 | D:6      | Reached skill level 5 in Evocations
  4803 | D:6      | Reached XP level 9. HP: 49/74 MP: 8/12
  4811 | D:6      | Found a burning altar of Makhleb.
  5015 | D:7      | Found a shattered altar of Ashenzari.
  5108 | D:7      | Gained mutation: Your muscles are strong. (Str +2) [mutagenic meat]
  5150 | D:7      | Reached skill level 8 in Polearms
  5157 | D:7      | Found an iron altar of Okawaru.
  5157 | D:7      | Found a sacrificial altar of Ru.
  5538 | D:7      | Gained mutation: You are covered in fur (AC +1). [mutagenic meat]
  5539 | D:7      | Gained mutation: You are agile. (Dex +2) [mutagenic meat]
  5540 | D:7      | Gained mutation: You expend magic power (3 MP) to strengthen your wands. [mutagenic meat]
  5833 | D:8      | Reached skill level 9 in Polearms
  6056 | D:8      | Noticed Maurice
  6128 | D:8      | Killed Maurice
  6128 | D:8      | Reached skill level 10 in Polearms
  6128 | D:8      | Reached XP level 10. HP: 81/81 MP: 14/14
  6198 | D:8      | Noticed a two-headed hydra
  6207 | D:8      | Killed a two-headed hydra
  6213 | D:8      | Reached skill level 11 in Polearms
  6391 | D:8      | Reached skill level 5 in Maces & Flails
  6601 | D:9      | Reached ***** piety under Trog
  6630 | D:9      | Noticed Grum
  6636 | D:9      | HP: 5/121 [orc priest/divine providence (10)]
  6638 | D:9      | Killed Grum
  6641 | D:9      | Slain by a wolf

Skill      XL: |  1  2  3  4  5  6  7  8  9 10 |
---------------+-------------------------------+-----
Maces & Flails | 4 5 |  5.8
Fighting       | 4 5 |  5.0
Armour         | 3 |  3.8
Dodging        | 3 |  3.4
Evocations     | 1 2 4 5 7 8 |  8.8
Polearms       | 2 4 5 7 10 11 | 11.0
Shields        | 1 4 6 7 |  7.1

Action                   |  1- 3 |  4- 6 |  7- 9 | 10-12 || total
-------------------------+-------+-------+-------+-------++-------
Melee: Mace              |    75 |    24 |       |       ||    99
       Headbutt          |    12 |    22 |    64 |    30 ||   128
       Trident           |       |   115 |   368 |    56 ||   539
       Morningstar       |       |       |       |    36 ||    36
Invok: Berserk           |     1 |     1 |     3 |     1 ||     6
       Trog's Hand       |       |     2 |     5 |     1 ||     8
  Use: Scroll            |       |     1 |     5 |       ||     6
 Stab: Sleeping          |       |       |     4 |       ||     4
       Distracted        |       |       |     2 |       ||     2
  Eat: Chunk             |     2 |     6 |    18 |     1 ||    27
       Meat ration       |       |     1 |       |       ||     1
       Pizza             |       |       |     1 |       ||     1
       Royal jelly       |       |       |       |     1 ||     1
Armor: Animal skin       |    17 |     1 |       |       ||    18
       Chain mail        |       |    44 |     1 |       ||    45
       Leather armour    |       |       |    44 |    13 ||    57
Dodge: Dodged            |    56 |    54 |   145 |    44 ||   299
Block: Buckler           |       |     3 |    44 |    25 ||    72
